Map: Acid Plant LE

Players

Serral - Winner!

  • Race: Zerg Zerg
  • Spawn Location: 5:00

HeroMarine

  • Race: Terran Terran
  • Spawn Location: 11:00

Event: WCS Austin 2018

VOD

Have the link to the VOD?

Description

Time

  • Played on: June 3, 2018, 12:24 p.m.
  • Length: 8:33

All games in this series

Show
View Real Time Build Order
Export as new Build Order

Serral Zerg - Winner!

Build Orders: Roach Ravager Push, Hatch First, Roach Zergling, Ravager Aggression, Roach Aggression 

Get SALT Encoding   

  12  0:00  Drone  
  13  0:12  Overlord  
  13  0:16  Drone  
  14  0:30  Drone x2  
  16  0:48  Hatchery  
  15  0:50  Drone  
  15  0:54  Drone  
  17  1:08  Spawning Pool  
  16  1:12  Extractor  
  16  1:13  Drone  
  16  1:16  Drone  
  17  1:20  Drone  
  18  1:27  Drone  
  19  1:38  Overlord  
  19  1:50  Drone  
  20  1:55  Queen  
  20  1:59  Queen  
  20  2:01  Zergling x4  
  26  2:10  Drone  
  26  2:12  Drone  
  26  2:13  Metabolic Boost  
  28  2:21  Drone x2  
  30  2:36  Drone  
  31  2:37  Drone  
  31  2:39  Queen  
  34  2:46  Overlord  
  34  2:47  Drone  
  35  2:57  Hatchery  
  34  3:02  Drone  
  34  3:03  Drone  
  36  3:08  Overlord  
  36  3:11  Drone x3  
  39  3:17  Queen  
  41  3:20  Overlord  
  41  3:28  Drone x4  
  41  3:31  Drone  
  46  3:38  Overlord  
  46  3:39  Drone  
  46  3:40  Drone  
  49  3:41  Drone  
  49  3:42  Drone  
  50  3:50  Zergling x6  
  50  3:53  Queen  
  50  3:55  Drone  
  56  3:58  Drone  
  56  4:02  Overlord  
  57  4:09  Drone x5  
  62  4:13  Queen  
  64  4:18  Spore Crawler, Drone, Zergling x2  
  64  4:20  Overlord  
  65  4:27  Lair  
  65  4:28  Zergling x4  
  65  4:30  Drone  
  65  4:31  Drone  
  69  4:33  Drone x2  
  71  4:39  Evolution Chamber  
  71  4:40  Evolution Chamber, Drone  
  71  4:41  Drone  
  71  4:45  Zergling x4  
  73  4:48  Drone x2, Extractor  
  73  4:50  Extractor  
  73  4:52  Drone  
  74  4:53  Drone, Roach Warren  
  74  4:57  Drone x2  
  74  4:59  Drone x2  
  78  5:01  Overlord  
  78  5:03  Drone x3  
  81  5:09  Zerg Missile Weapons Level 1  
  81  5:11  Drone  
  82  5:19  Overlord  
  82  5:25  Drone x8  
  90  5:29  Extractor  
  90  5:31  Drone  
  90  5:32  Extractor x2  
  90  5:35  Glial Reconstitution  
  88  5:37  Overlord  
  88  5:39  Hatchery, Drone x2  
  88  5:42  Overlord  
  89  5:45  Drone  
  90  5:51  Zergling x8  
  94  6:00  Overlord  
  94  6:01  Zerg Ground Armor Level 1  
  94  6:03  Zergling x4  
  94  6:12  Roach x9  
  112  6:18  Roach  
  112  6:19  Roach x2  
  112  6:23  Roach x2  
  122  6:26  Overlord  
  122  6:32  Overlord x2  
  122  6:33  Overlord  
  122  6:41  Overlord x2  
  121  6:50  Roach x5  
  121  6:51  Roach x4  
  121  6:53  Roach x2  
  137  7:00  Overseer  
  137  7:01  Overseer  
  136  7:02  Roach x4  
  144  7:08  Roach  
  144  7:09  Roach x5  
  144  7:13  Roach x2  
  160  7:17  Overlord x2  
  160  7:18  Overlord  
  160  7:19  Overlord  
  160  7:25  Ravager x9  
  160  7:27  Roach x2  
  171  7:38  Roach x7  
  185  7:44  Roach x4  
  185  7:51  Roach x4  
  180  8:00  Roach x3  
  180  8:01  Roach x3  
  184  8:06  Roach x4  
  184  8:08  Roach  
Show
View Real Time Build Order
Export as new Build Order

HeroMarine Terran 

Build Orders: Reaper Expand, MMM Bio 

Get SALT Encoding   

  12  0:00  SCV  
  13  0:12  SCV  
  14  0:17  Supply Depot  
  14  0:25  SCV  
  15  0:38  SCV  
  15  0:39  Barracks  
  16  0:43  Refinery  
  16  0:50  SCV  
  17  1:02  SCV  
  18  1:15  SCV  
  19  1:27  Orbital Command, Reaper  
  20  1:40  Command Center  
  20  1:49  Supply Depot  
  20  1:52  SCV  
  21  1:59  Marine  
  22  2:05  SCV  
  22  2:07  Factory  
  23  2:17  SCV  
  23  2:20  Barracks Reactor  
  24  2:29  SCV  
  25  2:41  SCV  
  25  2:42  Command Center  
  26  2:53  Orbital Command, SCV  
  27  3:04  Starport  
  27  3:05  SCV  
  28  3:11  Refinery  
  28  3:13  Hellion  
  28  3:16  Hellion  
  28  3:17  SCV  
  28  3:19  SCV  
  34  3:21  Barracks Tech Lab  
  34  3:29  SCV  
  34  3:31  SCV  
  36  3:35  Hellion  
  36  3:37  Hellion  
  40  3:41  Viking  
  40  3:42  SCV  
  40  3:43  SCV  
  44  3:53  Marine  
  44  3:55  Orbital Command, SCV x2  
  47  4:07  SCV  
  47  4:08  SCV  
  49  4:11  Cyclone x2  
  49  4:16  Supply Depot  
  55  4:19  SCV  
  55  4:20  SCV  
  55  4:22  Supply Depot, SCV  
  55  4:24  Marine  
  58  4:30  Stimpack  
  58  4:31  SCV  
  60  4:32  Engineering Bay, SCV  
  60  4:33  Engineering Bay  
  60  4:37  SCV  
  62  4:42  Marine  
  62  4:43  SCV  
  64  4:47  Starport Reactor  
  64  4:48  Barracks  
  64  4:49  SCV  
  64  4:50  Barracks  
  64  4:52  Refinery x2, Factory Tech Lab  
  65  4:53  SCV  
  65  4:56  SCV  
  65  4:59  Marine  
  67  5:03  Supply Depot, SCV  
  69  5:09  Terran Infantry Weapons Level 1  
  69  5:16  Barracks x2  
  69  5:17  Marine  
  70  5:27  SCV x2  
  72  5:30  Orbital Command, Supply Depot  
  72  5:31  Supply Depot, Terran Infantry Armor Level 1  
  72  5:33  Starport Reactor  
  72  5:35  Marine  
  72  5:39  SCV x2  
  72  5:41  Marine x2  
  77  5:43  Siege Tank  
  80  5:51  Marine, SCV x2  
  80  5:52  Marine  
  80  5:53  Marine  
  85  5:57  SCV  
  85  5:59  Marine x2  
  85  6:03  SCV x2  
  90  6:06  Barracks Reactor x2  
  90  6:09  Marine, SCV  
  92  6:12  Marine x2  
  92  6:15  SCV x2  
  92  6:17  Marine x2  
  98  6:21  SCV  
  98  6:27  Refinery x2, Marine, SCV x2  
  98  6:28  Factory  
  98  6:31  Armory  
  101  6:33  Supply Depot  
  101  6:35  Combat Shields  
  101  6:37  Medivac x2, SCV  
  101  6:39  SCV x2  
  108  6:41  Supply Depot x2  
  108  6:43  Marine  
  109  6:55  Marine x5, SCV x3  
  109  7:00  Marine x2  
  117  7:02  Marine x2  
  117  7:04  Siege Tank  
  117  7:06  Supply Depot  
  117  7:07  Supply Depot, SCV x3  
  125  7:11  Supply Depot  
  125  7:18  Factory Tech Lab  
  125  7:28  Marine x2, SCV x3  
  130  7:33  Marine x6  
  130  7:36  Siege Tank  
  139  7:40  Siege Tank  
  139  7:42  Medivac x2  
  138  7:45  Marauder, Marine x2  
  138  7:47  SCV x2  
  138  7:49  SCV  
  115  8:00  Marine x2  
  102  8:07  Marauder  
  102  8:09  Marine x2  
  102  8:11  Marine x2  
  90  8:13  Marine x2  
Tags
 
Add a new tag
Caveats
  • Supply blocks, unpowered buildings, or Contaminate may cause inaccurate times.
  • Supply counts are checked every 10 seconds.